 Dungeon Crawl Stone Soup version 0.14-a0-3509-g488b3d4 (webtiles) character file.

161 Persuasio the Covered (level 4, 0/35 HPs)
             Began as a Human Fighter on Mar 26, 2014.
             Slain by an orc
             ... wielding a +0,+4 mace
              (3 damage)
             ... on Level 3 of the Dungeon.
             The game lasted 00:13:36 (1810 turns).

Persuasio the Covered (Human Fighter)               Turns: 1810, Time: 00:13:37

HP   0/35        AC  7     Str 17      XL: 4   Next: 98%
MP   4/4         EV  6     Int  9      God:
Gold 65          SH 18     Dex 12      Spells:  0 memorised,  3 levels left

rFire  . . .     SeeInvis .     a - +0 long sword
rCold  . . .     Clarity  .     b - +0 scale mail
rNeg   . . .     Conserve .     c - +0 shield
rPois  .         rCorr    .     (no helmet)
rElec  .         rRot     .     (no cloak)
SustAb . .       Spirit   .     (no gloves)
rMut   .         Warding  .     (no boots)
Saprov . . .     Stasis   .     (no amulet)
MR     .....                    (no ring)
                                (no ring)

@: lethally poisoned, not resistant to hostile enchantments, extremely
unstealthy
A: no striking features
a: no special abilities


You were on level 3 of the Dungeon.
You were not hungry.

You visited 1 branch of the dungeon, and saw 3 of its levels.

You collected 65 gold pieces.

Inventory:

Hand weapons
 a - a +0,+0 long sword (weapon)
Missiles
 g - 19 sling bullets
 h - 13 stones
 v - 9 darts (quivered)
Armour
 b - a +0 scale mail (worn)
 c - a +0 shield (worn)
Magical devices
 t - a wand of polymorph (15) {unknown}
 u - a wand of random effects (10)
Comestibles
 d - 2 bread rations
 f - 2 meat rations
 l - a choko
 q - a chunk of rat flesh
 s - a lemon
Scrolls
 i - a scroll of enchant armour {unknown}
 j - 3 scrolls of remove curse
 k - a scroll of blinking {unknown}
 m - a scroll of fog {unknown}
 n - a scroll of identify
 o - 2 scrolls of teleportation
 r - a scroll of enchant weapon I {unknown}
Potions
 e - a potion of might


   Skills:
 + Level 3.5 Fighting
 + Level 2.8 Long Blades
 + Level 3.8 Armour
 + Level 1.3 Dodging
 + Level 0.2 Stealth
 + Level 3.2 Shields


You had 3 spell levels left.
You didn't know any spells.

Dungeon Overview and Level Annotations

Branches:
Dungeon (3/15)

Altars:

Annotations:
D:3 Zuul's ghost, average DsFE


Message History

You feel very sick. The adder barely misses you. The quokka barely misses you.
You block the orc's attack.
You hit the quokka.
You kill the quokka!
You feel very sick. You block the adder's attack. The adder closely misses you.
The orc closely misses you.
You closely miss the kobold.
* * * LOW HITPOINT WARNING * * *
You feel very sick. You block the adder's attack.
The orc hits you but does no damage.
The kobold unwields an uncursed blowgun.
The kobold barely misses you. The adder bites you.
* * * LOW HITPOINT WARNING * * *
You miss the adder.
* * * LOW HITPOINT WARNING * * *
You feel very sick. The adder bites you but does no damage.
The orc hits you with a mace.
You die...

#........[
#.........
#......=..
#...o......
#...o.o....
#(...o.....
#(#######.
#o#### #gS@.#
.......#o#K#
............
..#####.#.#.#
. ........
#.#.#.#.#
........
#.#.# ....


You could see an adder, 2 orcs, a goblin and a kobold.

Vanquished Creatures
  Jessica (D:2)
  Terence (D:2)
  An adder (D:2)
  A gnoll (D:2)
  A worm (D:3)
  A giant gecko (D:1)
  7 bats
  2 giant cockroaches (D:2)
  4 goblins
  4 hobgoblins
  4 jackals (D:2)
  2 ball pythons (D:1)
  4 giant newts
  4 kobolds
  A quokka (D:3)
  5 rats
43 creatures vanquished.

Notes
Turn   | Place    | Note
--------------------------------------------------------------
     0 | D:1      | Persuasio, the Human Fighter, began the quest for the Orb.
     0 | D:1      | Reached XP level 1. HP: 18/18 MP: 1/1
   261 | D:1      | Reached XP level 2. HP: 13/24 MP: 2/2
   727 | D:2      | Noticed Terence
   745 | D:2      | Killed Terence
   745 | D:2      | Reached XP level 3. HP: 15/29 MP: 3/3
   973 | D:2      | Reached XP level 4. HP: 35/35 MP: 4/4
  1128 | D:2      | Noticed Jessica
  1151 | D:2      | Killed Jessica
  1151 | D:2      | Reached skill level 1 in Dodging
  1633 | D:3      | Noticed Zuul's ghost (average DsFE)
  1798 | D:3      | HP: 1/35 [gnoll/club (1)]
  1810 | D:3      | Slain by an orc

Action                   |  1- 3 |  4- 6 || total
-------------------------+-------+-------++-------
Melee: Long sword        |    82 |    77 ||   159
Throw: Dart              |       |     3 ||     3
       Stone             |       |     1 ||     1
  Use: Potion            |     1 |     6 ||     7
       Scroll            |     1 |     3 ||     4
